 Dungeon Crawl Stone Soup version 0.30-a0-959-g3818848631 (webtiles) character file.

Game seed: 634057791756368753

124 Ijustatesigmund the Conjurer (level 4, 0/24 HPs)
             Began as a Deep Elf Conjurer on Mar 30, 2023.
             Slain by Pargi (4 damage)
             ... in a sewer.
             The game lasted 00:05:53 (2566 turns).

Ijustatesigmund the Conjurer (Deep Elf Conjurer)    Turns: 2566, Time: 00:05:53

Health: 0/24       AC:  2    Str:  4    XL:     4   Next: 81%
Magic:  8/13       EV: 12    Int: 25    God:
Gold:   26         SH:  0    Dex: 13    Spells: 10/13 levels left

rFire   . . .      SeeInvis .    d - +0 short sword
rCold   . . .      Faith    .    (no shield)
rNeg    . . .      Spirit   .    a - +0 robe
rPois   .          Reflect  .    (no helmet)
rElec   .          Rampage  .    (no cloak)
rCorr   +                        (no gloves)
Will    .....                    (no boots)
Stlth   ++                       (no amulet)
HPRegen 0.24/turn                c - ring of resist corrosion
MPRegen 0.13/turn                (no ring)

@: no status effects
A: no striking features
a: no special abilities


You were in a sewer.
You visited 1 branch of the dungeon, and saw 3 of its levels.
You also visited: Sewer.

You collected 76 gold pieces.
You spent 50 gold pieces at shops.

Inventory:

Hand Weapons
 d - a +0 short sword (weapon)
Armour
 a - a +0 robe (worn)
Jewellery
 c - a ring of resist corrosion (left hand)
Wands
 h - a wand of charming (15)
Scrolls
 j - a scroll of poison
 l - a scroll of teleportation
Potions
 b - a potion of magic
 e - a potion of mutation
 f - a potion of resistance {unknown}
 g - a potion of heal wounds {unknown}
 k - a potion of curing {unknown}


   Skills:
 - Level 2.4 Dodging
 - Level 2.4 Stealth
 + Level 5.3 Spellcasting
 + Level 5.7 Conjurations


You had 10 spell levels left.
You knew the following spells:

 Your Spells              Type           Power      Damage    Failure   Level
a - Magic Dart            Conj           100%       1d8       1%          1
b - Searing Ray           Conj           70%        2d7       1%          2

Your spell library contained the following spells:

 Spells                   Type           Power      Damage    Failure   Level
 Dazzling Flash           Conj/Hex       42%        N/A       8%          3
 Fulminant Prism          Conj/Hex       10%        3d9       24%         4
 Iskenderun's Mystic Bla  Conj/Tloc      21%        2d6       24%         4


Dungeon Overview and Level Annotations

Branches:
Dungeon (3/15)              Sewer (1/1)

Altars:

Shops:
D:1 *   D:2 **([?

Annotations:
Sewer Pargi


Message History

(Press . to maintain the ray.)
The adder bites you.
You are poisoned.
The adder poisons you!
The searing ray hits the adder.
You kill the adder!
You feel sick.
You start resting.
You feel sick. x5
You are no longer poisoned.
You start resting.
Magic restored.
You start resting.
HP restored.
You open the door. You open the door.
Pargi the Meek comes into view.
Casting: Searing Ray (safe; 1% risk of failure)
Confirm with . or Enter, or press ? or * to list all spells.
Aiming: Searing Ray (safe; 1% risk of failure)
Press: ? - help, Shift-Dir - straight line, f - Pargi
Aim: Pargi (76% to hit)
The searing ray hits Pargi!
Pargi is moderately wounded. (Press . to maintain the ray.) Pargi bites you!
Pargi closely misses you. Pargi claws you.
The searing ray hits Pargi!
Pargi is heavily wounded.
Pargi barely misses you. x2; Pargi claws you.
The searing ray hits Pargi!
Pargi is severely wounded.
Pargi barely misses you. x2; Pargi closely misses you.
The searing ray hits Pargi!
Pargi is almost dead.
You finish channelling your searing ray.
Pargi bites you!
* * * LOW HITPOINT WARNING * * *
Pargi claws you.
* * * LOW HITPOINT WARNING * * *
Pargi claws you.
You die...

############ ##### ##
#.##.##)##.# .##.# [#
#.##.##.##.# .##.# .#
#)##'##'##)##T##'##'#
#...........@.......#
~~~~#~~~~~~~~~.~~~~~~~~~#~~~~~
≈≈≈≈#≈≈≈≈≈≈≈≈≈∩≈≈≈≈≈≈≈≈≈#≈≈≈≈≈
~~~~#~~~~~~~~~.~~~~~~~~~#~~~~~
#####...................######
#+##+##+##.##+##+##+# #.# #∩#
###


You could see Pargi.

Vanquished Creatures
  A scorpion (D:3)
  An adder (Sewer)
  4 dart slugs
  6 bats
  4 endoplasms
  3 giant cockroaches
  2 goblins (D:1)
  4 hobgoblins
  7 quokkas
  5 ball pythons (D:1)
  2 frilled lizards
  6 kobolds
  A rat (D:1)
46 creatures vanquished.

Notes
Turn   | Place    | Note
-------+----------+-------------------------------------------
     0 | D:1      | Ijustatesigmund the Deep Elf Conjurer began the quest for
                  | the Orb.
     0 | D:1      | Reached XP level 1. HP: 10/10 MP: 6/6
   229 | D:1      | Reached XP level 2. HP: 15/15 MP: 3/8
   232 | D:1      | Learned a level 2 spell: Searing Ray
   834 | D:1      | Found Noufim's General Store.
  1115 | D:1      | Reached skill level 5 in Conjurations
  1115 | D:1      | Reached XP level 3. HP: 19/19 MP: 7/10
  1371 | D:2      | Found Xetixtoy's Weapon Shoppe.
  1430 | D:1      | Bought a scroll of identify for 20 gold pieces
  1506 | D:2      | Found Haexkaa's Antique Armour Shoppe.
  1539 | D:2      | Found Bucoipil's General Store.
  1681 | D:2      | Found Vedesasm's Magic Scroll Shoppe.
  1960 | D:2      | Found Rerghixt's General Store.
  1964 | D:2      | Bought a scroll of teleportation for 30 gold pieces
  2075 | D:3      | Noticed a scorpion
  2081 | D:3      | Killed a scorpion
  2082 | D:3      | Reached skill level 5 in Spellcasting
  2082 | D:3      | Reached XP level 4. HP: 16/24 MP: 1/13
  2191 | D:3      | Found a glowing drain.
  2205 | Sewer    | Entered a sewer
  2562 | Sewer    | Noticed Pargi
  2566 | Sewer    | Slain by Pargi

Illustrated notes

Levels and vault maps discovered:
D:1:      zaba_arrival_water, layout_loops_cross, serial_shops, shop,
          kennysheep_minor_cross
D:2:      layout_loops_ring, serial_shops, shop, shop_fountains,
          nicolae_shop_bloodbath_and_beyond, shop, shop
D:3:      layout_loops_corners, chequers_temple_overflow_statue_of_worship,
          serial_forest, infiniplex_forest_straight_3,
          infiniplex_forest_lined_2, infiniplex_forest_clump_medium,
          infiniplex_forest_clump_curved, infiniplex_forest_straight_4,
          infiniplex_forest_straight_5, infiniplex_forest_end_1,
          infiniplex_forest_zigzag_1, portal_sewer_entry_f, uniq_natasha,
          uniq_crazy_yiuf_cottage, uniq_ijyb
Sewer:    kennysheep_door_sewer

Skill      XL: |  1  2  3 |
---------------+----------+-----
Spellcasting   | 4 5 |  5.3
Conjurations   | 5 |  5.7
Dodging        | |  2.4
Stealth        | |  2.4

Action                     |  1- 3 |  4- 6 || total
---------------------------+-------+-------++-------
  Melee: Short sword       |       |     3 ||     3
   Cast: Magic Dart        |    60 |    10 ||    70
         Searing Ray       |     2 |     5 ||     7
    Use: Scroll            |     5 |     1 ||     6
 Armour: Robe              |     1 |     2 ||     3
  Dodge: Dodged            |     4 |    10 ||    14

Table legend: (Time is in decaauts)
 A = Elapsed time spent in this place.
 B = Non-inter-level travel time spent in this place.
 C = Inter-level travel time spent in this place.
 D = Time resting spent in this place.
 E = Time spent auto-exploring this place.
 F = Levels seen in this place.
 G = Mean time per level.
                   A        B        C        D        E       F      G
               +--------+--------+--------+--------+--------+-----+--------+
         Total |   2574 |   2453 |    121 |    575 |   1573 |   4 |  643.5 |
       Dungeon |   2213 |   2092 |    121 |    274 |   1573 |   3 |  737.7 |
         Sewer |    360 |    360 |      0 |    301 |      0 |   1 |  360.0 |
               +--------+--------+--------+--------+--------+-----+--------+

Top non-repeatable levels by time:
     D:1: 1293 daAuts
     D:2: 762 daAuts
   Sewer: 360 daAuts
     D:3: 158 daAuts
